 Dungeon Crawl Stone Soup version 0.23.0 (webtiles) character file.

Game seed: 12846648131533001559

5049 LLavrengius the Transmogrifier (level 10, -2/72 (74) HPs)
             Began as an Octopode Transmuter on Feb 12, 2019.
             Was an Initiate of Gozag.
             Killed by divine providence
             ... invoked by an orc priest
              (15 damage)
             ... on level 10 of the Dungeon.
             The game lasted 00:39:47 (11526 turns).

LLavrengius the Transmogrifier (OpTm)              Turns: 11526, Time: 00:39:47

HP:   -2/72 (74)    AC:  2    Str: 10    XL:     10   Next: 56%
MP:   15/16         EV: 22    Int: 19    God:    Gozag
Gold: 536           SH:  0    Dex: 17    Spells: 5/17 levels left

rFire    . . .     SeeInvis .     - Unarmed
rCold    . . .     Gourm    .   (shield currently unavailable)
rNeg     + . .     Faith    .   (helmet currently unavailable)
rPois    x         Spirit   .   (no amulet)
rElec    .         Reflect  .   e - ring of protection from magic
rCorr    .         Harm     .   A - ring of positive energy
MR       +....                  (no ring)
Stlth    ++........             (no ring)
HPRegen  0.22/turn              (no ring)
MPRegen  0.15/turn              (no ring)
                                (no ring)
                                (no ring)

@: spider-form (expiring)
A: tiny, almost no armour, stealthy swim, (amphibious), 8 rings, (constrict 8)
a: End Transformation, Potion Petition, Call Merchant, Bribe Branch, Renounce
Religion


You were on level 10 of the Dungeon.
You worshipped Gozag.
Gozag was pleased with you.
You were not hungry.
You were a venomous arachnid creature.
You visited 2 branches of the dungeon, and saw 11 of its levels.

You collected 664 gold pieces.
You paid 128 gold pieces to Gozag.

Inventory:

Hand Weapons
 i - a +1 hunting sling
Missiles
 a - 61 arrows
 j - 54 sling bullets
 n - 15 tomahawks (quivered)
Jewellery
 e - a ring of protection from magic (left front leg)
 A - a ring of positive energy (right front leg)
 D - an uncursed amulet of harm {unknown}
Wands
 y - a wand of iceblast (13)
 E - a wand of flame (17)
Scrolls
 b - 3 scrolls of immolation
 g - 2 scrolls of enchant weapon
 m - 4 scrolls of remove curse
 p - 2 scrolls of fear
 t - a scroll of random uselessness {unknown}
 v - a scroll of teleportation {unknown}
 w - 2 scrolls of identify
 B - 2 scrolls of magic mapping
 C - 2 scrolls of amnesia
 F - a scroll of fog {unknown}
Potions
 d - 3 potions of curing
 f - 2 potions of degeneration {unknown}
 h - 4 potions of lignification
 k - 2 potions of flight
 l - 2 potions of cancellation
 o - a potion of mutation {unknown}
 q - a potion of resistance {unknown}
 r - a potion of agility {unknown}
 s - a potion of might {unknown}
 u - a potion of brilliance {unknown}
 x - 2 potions of haste
 z - a potion of ambrosia {unknown}
Comestibles
 c - 11 rations


   Skills:
 - Level 9.0 Fighting
 + Level 4.1 Dodging
 + Level 4.7 Unarmed Combat
 + Level 4.2 Spellcasting
 - Level 9.0 Transmutations
 - Level 5.7 Ice Magic


You had 5 spell levels left.
You knew the following spells:

 Your Spells              Type           Power        Failure   Level  Hunger
a - Beastly Appendage     Tmut           #####.       3%          1    None
b - Sticks to Snakes      Tmut           #####...     3%          2    #......
c - Spider Form           Tmut/Pois      ###.......   17%         3    ###....
d - Ice Form              Ice/Tmut       ####....     17%         4    ####...
e - Passwall              Tmut/Erth      ###.....     11%         2    #......

Your spell library contained the following spells:

 Spells                   Type           Power        Failure   Level  Hunger
 Blade Hands              Tmut           #####.....   24%         5    ######.
 Magic Dart               Conj           #...         32%         1    None
 Sandblast                Erth           #.....       32%         1    None
 Blink                    Tloc           N/A          41%         2    #......
 Call Imp                 Summ           #.......     41%         2    #......
 Slow                     Hex            #.......     41%         2    #......
 Petrify                  Tmut/Erth      ###.....     43%         4    ####...
 Conjure Flame            Conj/Fire      #.......     61%         3    ###....
 Mephitic Cloud           Conj/Pois/Air  #.......     61%         3    ###....
 Stone Arrow              Conj/Erth      #.....       61%         3    ###....
 Lee's Rapid Deconstruct  Erth           #.........   99%         5    ######.


Dungeon Overview and Level Annotations

Branches:
Dungeon (10/15)            Temple (1/1) D:6            Lair (0/6) D:10
    Orc (0/2) D:10

Altars:
Ashenzari
Cheibriados
Dithmenos
Elyvilon
Fedhas
Gozag
Hepliaklqana
Kikubaaqudgha
Makhleb
Nemelex Xobeh
Okawaru
Qazlal
Ru
Sif Muna
Trog
Uskayaw
Vehumet
Wu Jian
Yredelemnul
The Shining One
Beogh

Shops:
D:7 :

Annotations:
D:3 1 runed translucent door, rumpelstilzz's ghost, amateur TrAM
D:8 5 runed translucent doors
D:10 exclusion: oklob plant


Innate Abilities, Weirdness & Mutations

You cannot wear most types of armour.
You are very stealthy in the water. (Stealth+)
((You are amphibious.))
You can wear up to eight rings at the same time.
((You can use your tentacles to constrict eight enemies at once.))
((Your skin changes colour to match your surroundings (Stealth+).))
((Your rubbery body absorbs attacks. (AC +1, EV +1)))


Message History

The orc hits you with a +0 club.
The orc warrior hits you with a cursed -1 flail!!
The orc warrior barely misses you.
You are too injured to fight recklessly!
You kill the orc warrior!
The orc completely misses you.
The orc becomes distracted by the nearby gold, dreaming of imaginary riches.
The orc priest miscasts a cantrip.
The orc priest mumbles some strange prayers to Beogh against you.
Beogh smites you!
* * * LOW HITPOINT WARNING * * *
The orc becomes distracted by the nearby gold, dreaming of imaginary riches.
The orc shouts!
The orc is no longer distracted by gold.
The orc is no longer distracted by gold.
Your transformation is almost over.
The orc priest calls down the wrath of Beogh upon you.
Beogh smites you!
You die...
Your body crumbles into a pile of gold.

.8...oo #o.........#####.....
...ooo. #.o..................
._..⌠oo #....................
....... #oo..................
.>..... #...o..#########...##
#########..oo..#.......#...#.
#........#.......'...#.
#........#.......#.###.
#.....s..#.......#.#...
#........'.......#.#...
#........######..#.####
#.............####.....
#......................
..................#######
......############# ......
.....


You could see an orc warrior, an orc priest and 4 orcs.

Vanquished Creatures
  Pikel (D:4)
  Grinder (D:4)
  A hippogriff (D:8)
  Sigmund (D:4)
  3 hungry ghosts
  Edmund (D:4)
  2 sky beasts
  Duvessa (D:4)
  3 orc warriors
  2 black bears (D:7)
  5 ogres
  2 phantoms
  A centaur (D:8)
  A crocodile (D:9)
  7 bullfrogs
  A big kobold (D:9)
  A water moccasin zombie (D:9)
  4 scorpions
  Dowan (D:4)
  A howler monkey (D:8)
  3 crimson imps
  A centaur zombie (D:6)
  A bullfrog zombie (D:7)
  4 hounds
  A jelly (D:7)
  A centaur skeleton (D:9)
  5 orc wizards
  3 bullfrog skeletons (D:6)
  Jessica (D:2)
  2 iguanas
  Ijyb (D:4)
  4 worker ants
  A killer bee zombie (D:9)
  A hound zombie (D:6)
  A hound skeleton (D:6)
  A howler monkey zombie (D:10)
  2 worker ant zombies
  2 howler monkey skeletons
  6 adders
  2 shadow imps (D:6)
  An adder skeleton (D:4)
  5 dart slugs
  6 leopard geckos
  33 orcs
  A ball python (D:4)
  10 bats
  7 giant cockroaches
  7 goblins
  10 hobgoblins
  17 jackals
  5 quokkas
  A ball python skeleton (D:4)
  8 frilled lizards
  12 kobolds
  A leopard gecko skeleton (D:7)
  3 quokka skeletons
  8 rats
218 creatures vanquished.

Vanquished Creatures (collateral kills)
  A phantom (D:4)
  A necrophage (D:5)
  A centaur (D:6)
  A centaur zombie (D:6)
  An orc priest (D:3)
  A hound (D:5)
  An adder (D:6)
  A worm (D:3)
  4 orcs
  A frilled lizard (D:5)
13 creatures vanquished.

Vanquished Creatures (others)
  A slave (D:4)
  An orc (D:4)
  2 jackals (D:4)
4 creatures vanquished.

Grand Total: 235 creatures vanquished

Notes
Turn   | Place    | Note
-------+----------+-------------------------------------------
     0 | D:1      | LLavrengius the Octopode Transmuter began the quest for the
                  | Orb.
     0 | D:1      | Reached XP level 1. HP: 13/13 MP: 3/3
   504 | D:1      | Reached XP level 2. HP: 9/18 MP: 5/5
   689 | D:1      | Learned a level 2 spell: Sticks to Snakes
  1295 | D:1      | Reached XP level 3. HP: 18/23 MP: 7/7
  1789 | D:2      | Learned a level 3 spell: Spider Form
  1981 | D:2      | Noticed Jessica
  2016 | D:2      | Killed Jessica
  2016 | D:2      | Reached XP level 4. HP: 5/28 MP: 6/8
  2570 | D:2      | Found a basalt altar of Yredelemnul.
  2572 | D:2      | Found an ornate altar of the Wu Jian Council.
  2816 | D:3      | Found a blossoming altar of Fedhas.
  2921 | D:3      | Reached XP level 5. HP: 33/33 MP: 9/9
  2997 | D:3      | Found a bloodstained altar of Trog.
  3103 | D:3      | Reached skill level 5 in Transmutations
  3252 | D:3      | Found a runed translucent door.
  3254 | D:3      | Noticed rumpelstilzz's ghost (amateur TrAM)
  3268 | D:3      | Reached XP level 6. HP: 36/38 MP: 10/10
  3466 | D:4      | Noticed a slave
  3468 | D:4      | Noticed Pikel
  3469 | D:4      | Noticed a slave
  3471 | D:4      | Noticed a slave
  3473 | D:4      | Noticed a slave
  3485 | D:4      | Killed Pikel
  3485 | D:4      | Reached XP level 7. HP: 17/48 MP: 3/11
  3878 | D:4      | Noticed Dowan
  3889 | D:4      | Killed Dowan
  3891 | D:4      | Noticed Duvessa
  3900 | D:4      | Killed Duvessa
  3900 | D:4      | Reached skill level 5 in Fighting
  3900 | D:4      | Reached XP level 8. HP: 39/55 MP: 6/12
  4030 | D:4      | Noticed Edmund
  4054 | D:4      | Killed Edmund
  4101 | D:4      | Noticed Ijyb
  4112 | D:4      | Killed Ijyb
  4228 | D:4      | Noticed Sigmund
  4238 | D:4      | Killed Sigmund
  4288 | D:4      | Noticed Grinder
  4309 | D:4      | Killed Grinder
  4321 | D:4      | Learned a level 4 spell: Ice Form
  5051 | D:5      | Entered Level 5 of the Dungeon
  5208 | D:6      | Reached XP level 9. HP: 51/63 MP: 13/13
  5243 | D:6      | Reached skill level 1 in Ice Magic
  6183 | D:7      | Found Zeni's Book Boutique.
  6454 | D:6      | Found a staircase to the Ecumenical Temple.
  6462 | Temple   | Entered the Ecumenical Temple
  7522 | D:7      | Reached skill level 5 in Ice Magic
  8072 | D:8      | Reached XP level 10. HP: 35/71 MP: 14/14
  8530 | D:8      | Found the +9 staff of Olgreb {rPois}
  8536 | D:8      | Found a runed translucent door.
  8541 | D:8      | Found a runed translucent gate.
  8541 | D:8      | Found a runed translucent gate.
  8542 | D:8      | Found a runed translucent door.
  8562 | D:8      | Found a runed translucent gate.
  8745 | D:8      | Learned a level 2 spell: Passwall
  8854 | D:6      | Found an opulent altar of Gozag.
  8854 | D:6      | Found a stormy altar of Qazlal.
  8863 | D:6      | Became a worshipper of Gozag Ym Sagoz the Greedy
 10179 | D:9      | Found a deep blue altar of Sif Muna.
 11178 | D:10     | Entered Level 10 of the Dungeon
 11202 | D:10     | Noticed a skeletal warrior
 11288 | D:10     | Found a staircase to the Lair.
 11292 | D:10     | Noticed an oklob plant
 11502 | D:10     | Found a roughly hewn altar of Beogh.
 11502 | D:10     | Found a staircase to the Orcish Mines.
 11526 | D:10     | Killed from afar by an orc priest

Skill      XL: |  1  2  3  4  5  6  7  8  9 10 |
---------------+-------------------------------+-----
Spellcasting   | 3 4 |  4.2
Transmutations | 3 4 5 6 7 8 9 |  9.0
Fighting       | 4 5 6 8 9 |  9.0
Ice Magic      | 5 |  5.7
Dodging        | 4 |  4.1
Unarmed Combat | 4 |  4.7

Action                   |  1- 3 |  4- 6 |  7- 9 | 10-12 || total
-------------------------+-------+-------+-------+-------++-------
Melee: Unarmed           |   118 |   106 |   389 |   211 ||   824
       Constrict         |    31 |    29 |    47 |    28 ||   135
       Tentacles         |    17 |    15 |    29 |    24 ||    85
       Punch             |     3 |       |     5 |     1 ||     9
       Kick              |     2 |     3 |    12 |    17 ||    34
 Cast: Beastly Appendage |     2 |     4 |     4 |     7 ||    17
       Sticks to Snakes  |       |     5 |    12 |     1 ||    18
       Spider Form       |       |     1 |    17 |    10 ||    28
       Ice Form          |       |       |       |     1 ||     1
  Use: Scroll            |       |       |    12 |       ||    12
       Potion            |       |       |     1 |       ||     1
 Stab: Sleeping          |    11 |     4 |     8 |     3 ||    26
       Distracted        |       |       |     1 |       ||     1
  Eat: Ration            |     1 |       |     1 |     6 ||     8
       Chunk             |       |     5 |    14 |     3 ||    22
Armor: Skin              |     5 |    11 |    17 |     9 ||    42
Dodge: Dodged            |    66 |    70 |   318 |   193 ||   647
